 Dungeon Sprint DCSS version 0.24-a0-250-g6074511 (webtiles) character file.

Game seed: 226356355312593211

270989 MikeHunt the Demonologist (level 12, 58/58 HPs)
             Began as a Felid Artificer on Apr 14, 2019.
             Was the Champion of Nemelex Xobeh.
             Escaped with the Orb!
             The game lasted 00:28:21 (4556 turns).

MikeHunt the Demonologist (Felid Artificer)         Turns: 4556, Time: 00:28:21

Health: 58/58      AC:  3    Str:  8    XL:     12   Next: 14%
Magic:  22/22      EV: 31    Int: 14    God:    Nemelex Xobeh [******]
Gold:   69         SH:  0    Dex: 20    Spells: 6/23 levels left
                                        Lives:  0   Deaths: 3

rFire    . . .     SeeInvis +     - Unarmed
rCold    + . .     Gourm    .   (shield unavailable)
rNeg     . . .     Faith    .   (armour unavailable)
rPois    .         Spirit   .   (helmet unavailable)
rElec    .         Reflect  .   (cloak unavailable)
rCorr    .         Harm     .   (gloves unavailable)
MR       +....     NoTele   +   (boots unavailable)
Stlth    +++.......             k - amulet of invisibility {+Inv}
HPRegen  0.19/turn              j - ring of wizardry
MPRegen  0.18/turn              (no ring)

@: quick
A: very small, no armour, no weapons or thrown items, stealth, claws 1, fangs 3,
see invisible, carnivore, speed 1, shaggy fur 3, slow metabolism 1, sharp paws
0: Orb of Zot
a: Draw Escape, Draw Destruction, Draw Summoning, Draw Stack, Triple Draw, Deal
Four, Stack Five, Renounce Religion, Evoke Invisibility


You escaped.
You worshipped Nemelex Xobeh.
Nemelex Xobeh was exalted by your worship.
You were full.

You visited 1 branch You collected 429 gold pieces.
You spent 360 gold pieces at shops.

Inventory:

Jewellery
 i - the amulet of Ipnufod {Reflect rElec rN+ MR- Dex+2 SH+6}
   (You found it in the Dungeon)

   [amulet of reflection]

   It shields you and reflects attacks.
   It affects your dexterity (+2).
   It insulates you from electricity.
   It protects you from negative energy.
   It affects your resistance to hostile enchantments.
   It affects your SH (+6).
 j - a ring of wizardry (left paw)
 k - the amulet of invisibility (around neck) {+Inv}
   (You found it in the Dungeon)

   [amulet of nothing]

   It lets you turn invisible.
 m - an uncursed ring of fire
 p - the amulet "Uzxet" {Harm *Drain rElec MP+9}
   (You found it in the Dungeon)

   [amulet of harm]

   It increases damage dealt and taken.
   It insulates you from electricity.
   It affects your magic capacity (+9).
   It causes draining when unequipped.
Wands
 b - a wand of enslavement (14)
Scrolls
 l - a scroll of remove curse {unknown}
Potions
 a - a potion of ambrosia {unknown}
 e - a potion of curing
 f - a potion of heal wounds
 g - a potion of haste
 h - 2 potions of magic
 n - a potion of agility {unknown}
 o - a potion of might {unknown}
 q - 2 potions of resistance {unknown}
Comestibles
 d - 5 rations


   Skills:
 - Level 10.5 Fighting
 - Level 13.4 Dodging
 - Level 19.8 Stealth
 - Level 10.2 Unarmed Combat
 - Level 6.4 Spellcasting
 + Level 21.8 Summonings
 - Level 9.6 Invocations
 - Level 10.1 Evocations


You had 6 spell levels left.
You knew the following spells:

 Your Spells              Type           Power        Failure   Level  Hunger
a - Shadow Creatures      Summ           N/A          1%          6    #######
b - Dragon's Call         Summ           ######....   58%         9    #######
t - Call Imp              Summ           ######..     0%          2    #......

Your spell library contained the following spells:

 Spells                   Type           Power        Failure   Level  Hunger
 Summon Small Mammal      Summ           ####         0%          1    None
 Animate Skeleton         Necr           N/A          6%          1    None
 Apportation              Tloc           #.....       6%          1    None
 Confusing Touch          Hex            #.....       6%          1    None
 Confuse                  Hex            #.......     17%         3    ##.....


Dungeon Overview and Level Annotations

Branches:
Dungeon (1/1)

Altars:
Cheibriados
Dithmenos
Elyvilon
Gozag
Hepliaklqana
Kikubaaqudgha
Makhleb
Nemelex Xobeh
Okawaru
Qazlal
Ru
Sif Muna
Trog
Uskayaw
Vehumet
Wu Jian
Xom
Yredelemnul
Zin
The Shining One
Beogh
Jiyva
Lugonu

Shops:
D }}!*===}[[*(=!*:[(*[[


Innate Abilities, Weirdness & Mutations

You cannot wear armour.
You are incapable of wielding weapons or throwing items.
Your paws allow you to move quietly. (Stealth)
You have sharp claws.
You have razor-sharp teeth.
You have supernaturally acute eyesight. (SInv)
You are carnivorous and can eat meat at any time.
You cover ground quickly.
Your thick and shaggy fur keeps you warm. (AC +3, rC+)
You have a slow metabolism.
Your sharp claws are effective at attacking unaware monsters.


Message History

Things that are here:
a +1 vampiric demon whip {!w}; a +0 robe; a +0 buckler
There is an open door, spattered with blood here.
There is an open door here.
Okay, then.
There is an open door here.
Things that are here:
a +0 quarterstaff; a +0 robe Your magical contamination has completely faded away.
There is an open door here.
You see here a glowing executioner's axe.
There is an open door here.
There is an open door, spattered with blood here.
There is an open door here.
There is an open door here.
There is an open door here.
You see here 25 bolts.
There is an open door here.
There is a staircase leading out of the dungeon here.
You have escaped!

##################
#@..P#.....#.....#
#PP..'.(...'.#...'
#PPPP#.....#.#...#
###############'##
#...♣........'...#
#......♣.....#...#
#.....♣..♣..######
##'####'######.)'.
#..#....'.......#♣


There were no monsters in sight!

Vanquished Creatures
  Agnes (D)
  A ghost moth (D)
  3 spriggan defenders (D)
  A dire elephant (D)
  A hydra (D)
  A two-headed ogre (D)
  3 spriggan berserkers (D)
  3 spriggan druids (D)
  An apocalypse crab (D)
  3 moths of wrath (D)
  A rime drake (D)
  24 oklob plants (D)
  2 demonic crawlers (D)
  A queen bee (D)
  3 wandering mushrooms (D)
  2 burning bushes (D)
  8 hornets (D)
  A basilisk (D)
  A scorpion (D)
  A killer bee (D)
  5 oklob saplings (D)
  2 worker ants (D)
  9 spriggans (D)
  A river rat (D)
  A rat (D)
  3 ballistomycetes (D)
  A ballistomycete spore (D)
  A bush (D)
  A fungus (D)
86 creatures vanquished.

Vanquished Creatures (collateral kills)
  An iron troll (D)
  An oklob plant (D)
  A demonic crawler (D)
  A queen bee (D)
  A spriggan (D)
  3 killer bees (D)
8 creatures vanquished.

Vanquished Creatures (others)
  2 spriggan defenders (D)
  A spriggan berserker (D)
  An oklob plant (D)
  A hornet (D)
  A spriggan (D)
  A scorpion (D)
  A ballistomycete spore (D)
8 creatures vanquished.

Grand Total: 102 creatures vanquished

Notes
Turn   | Place    | Note
-------+----------+-------------------------------------------
     0 | D        | MikeHunt the Felid Artificer began the quest for the Orb.
     0 | D        | Reached XP level 1. HP: 9/9 MP: 4/4
    19 | D        | Reached XP level 2. HP: 7/12 MP: 5/5
   137 | D        | Noticed an oklob sapling
   138 | D        | Killed an oklob sapling
   138 | D        | Reached XP level 3. HP: 15/15 MP: 6/6
   141 | D        | Found the amulet of invisibility {+Inv}
   142 | D        | Reached skill level 5 in Unarmed Combat
   161 | D        | Found an opulent altar of Gozag.
   161 | D        | Found a hazy altar of Hepliaklqana.
   161 | D        | Found a roughly hewn altar of Beogh.
   161 | D        | Found a snail-covered altar of Cheibriados.
   164 | D        | Found a viscous altar of Jiyva.
   164 | D        | Found a burning altar of Makhleb.
   164 | D        | Found a sparkling altar of Nemelex Xobeh.
   164 | D        | Found a sacrificial altar of Ru.
   164 | D        | Found a deep blue altar of Sif Muna.
   164 | D        | Found a bloodstained altar of Trog.
   164 | D        | Found an ornate altar of the Wu Jian Council.
   164 | D        | Found a shimmering altar of Xom.
   164 | D        | Found a basalt altar of Yredelemnul.
   164 | D        | Noticed an oklob sapling priest
   165 | D        | Found an iron altar of Okawaru.
   165 | D        | Found a glowing silver altar of Zin.
   165 | D        | Found a shadowy altar of Dithmenos.
   166 | D        | Found a hide-covered altar of Uskayaw.
   166 | D        | Found an ancient bone altar of Kikubaaqudgha.
   167 | D        | Found a stormy altar of Qazlal.
   167 | D        | Found a glowing golden altar of the Shining One.
   167 | D        | Found a white marble altar of Elyvilon.
   168 | D        | Found a radiant altar of Vehumet.
   168 | D        | Found a corrupted altar of Lugonu.
   171 | D        | Became a worshipper of Nemelex Xobeh the Trickster
   172 | D        | Killed an oklob sapling priest
   172 | D        | Reached XP level 4. HP: 19/19 MP: 4/7
   173 | D        | Received a gift from Nemelex Xobeh
   183 | D        | Reached skill level 10 in Stealth
   183 | D        | Reached XP level 5. HP: 22/22 MP: 5/8
   349 | D        | Found Idehuji's General Store.
   349 | D        | Found Sonun's Distillery.
   353 | D        | Reached * piety under Nemelex Xobeh
   353 | D        | Noticed a burning bush
   353 | D        | Noticed a wandering mushroom
   544 | D        | Noticed a wandering mushroom
   546 | D        | Killed a wandering mushroom
   546 | D        | Gained mutation: You are covered in thick fur. (AC +2)
                  | [Felid growth]
   546 | D        | Reached XP level 6. HP: 25/25 MP: 7/12
   549 | D        | Slain by a wandering mushroom
   550 | D        | Reached XP level 5. HP: -3/22 MP: 7/11
   550 | D        | Received a gift from Nemelex Xobeh
   550 | D        | Noticed an oklob plant
   550 | D        | Noticed an oklob plant shifter
   550 | D        | Noticed an oklob plant summoner
   550 | D        | Killed an oklob plant shifter
   550 | D        | Reached XP level 6. HP: 25/25 MP: 11/13
   551 | D        | Killed an oklob plant summoner
   551 | D        | Reached XP level 7. HP: 28/28 MP: 11/14
   554 | D        | Killed an oklob plant
   554 | D        | Reached skill level 15 in Stealth
   554 | D        | Reached skill level 10 in Evocations
   554 | D        | Reached XP level 8. HP: 32/32 MP: 12/16
   563 | D        | Noticed a demonic crawler
   565 | D        | Killed a demonic crawler
   565 | D        | Reached skill level 5 in Dodging
   567 | D        | Noticed a spriggan rider
   575 | D        | Reached skill level 5 in Fighting
   575 | D        | Killed a hornet
   580 | D        | Reached XP level 9. HP: 42/42 MP: 17/17
   584 | D        | Found Vourag's Armour Emporium.
   585 | D        | Found Wejea's Armour Shoppe.
   638 | D        | Reached ** piety under Nemelex Xobeh
   638 | D        | Received a gift from Nemelex Xobeh
   638 | D        | Noticed an oklob plant conjurer
   644 | D        | Killed an oklob plant conjurer
   644 | D        | Reached skill level 10 in Dodging
   809 | D        | Noticed a spriggan druid
   812 | D        | Killed a spriggan druid
   822 | D        | Received a gift from Nemelex Xobeh
   834 | D        | Received a gift from Nemelex Xobeh
   834 | D        | Noticed a wandering mushroom
   834 | D        | Noticed an oklob plant
   835 | D        | Noticed a burning bush
   836 | D        | Killed a wandering mushroom
  1019 | D        | Killed an oklob plant
  1020 | D        | Noticed an oklob plant
  1020 | D        | a burning bush changed into an oklob plant
  1024 | D        | Killed an oklob plant
  1024 | D        | Reached skill level 10 in Fighting
  1134 | D        | Noticed a burning bush
  1144 | D        | Killed a burning bush
  1144 | D        | Reached XP level 10. HP: 51/51 MP: 18/18
  1150 | D        | Identified Dagetarogu's Grimoire of Supportive Beguiling
  1163 | D        | Learned a level 6 spell: Shadow Creatures
  1164 | D        | Reached *** piety under Nemelex Xobeh
  1169 | D        | Noticed a sun demon
  1604 | D        | Noticed an oklob plant
  1606 | D        | Killed an oklob plant
  1610 | D        | Got a smoking bone amulet
  1614 | D        | Identified the amulet "Uzxet" {Harm *Drain rElec MP+9} (You
                  | found it in the Dungeon)
  1662 | D        | Reached skill level 10 in Unarmed Combat
  1836 | D        | Found Deske's Antique Weapon Shoppe.
  1837 | D        | Found Dyolub's Assorted Antiques.
  1908 | D        | Noticed Agnes
  1922 | D        | Killed Agnes
  1927 | D        | Noticed a spriggan defender
  1930 | D        | Killed a spriggan defender
  1931 | D        | Noticed a spriggan berserker
  1932 | D        | Found Ugryn's Book Emporium.
  1936 | D        | Noticed a death yak
  1945 | D        | Killed a spriggan berserker
  1945 | D        | Reached skill level 1 in Spellcasting
  1945 | D        | Reached skill level 3 in Summonings
  1945 | D        | Reached XP level 11. HP: 9/55 MP: 19/19
  2224 | D        | Learned a level 2 spell: Call Imp
  2226 | D        | Found Caoch's Antique Armour Shoppe.
  2229 | D        | Received a gift from Nemelex Xobeh
  2244 | D        | Noticed a spriggan rider
  2252 | D        | Killed a spriggan rider
  2252 | D        | Reached skill level 5 in Summonings
  2256 | D        | Reached **** piety under Nemelex Xobeh
  2291 | D        | Noticed a ghost moth
  2300 | D        | Identified the -1 long sword of Mikhle {freeze, Str+2
                  | Dex+4}
  2310 | D        | Noticed a four-headed hydra
  2310 | D        | a ghost moth changed into a four-headed hydra
  2311 | D        | Reached skill level 6 in Summonings
  2311 | D        | Killed a four-headed hydra
  2311 | D        | Reached skill level 5 in Spellcasting
  2311 | D        | Reached skill level 7 in Summonings
  2325 | D        | Received a gift from Nemelex Xobeh
  2327 | D        | Found Juruy's Gadget Boutique.
  2327 | D        | Found Sytiw's Distillery.
  2327 | D        | Found Ulyot's Gadget Shoppe.
  2452 | D        | Noticed an oklob plant meteorologist
  2453 | D        | Noticed an oklob plant shifter
  2462 | D        | Killed an oklob plant meteorologist
  2470 | D        | Killed an oklob plant shifter
  2470 | D        | Reached skill level 8 in Summonings
  2570 | D        | Received a gift from Nemelex Xobeh
  2572 | D        | Noticed a spriggan rider
  2576 | D        | Reached skill level 9 in Summonings
  2578 | D        | Killed a spriggan rider
  2578 | D        | Reached skill level 10 in Summonings
  2629 | D        | Reached ***** piety under Nemelex Xobeh
  2630 | D        | Noticed an oklob plant summoner
  2634 | D        | Found Kuxeklyo's Jewellery Shoppe.
  2634 | D        | Found Hiysche's Jewellery Boutique.
  2634 | D        | Found Qobovyump's Gadget Emporium.
  2635 | D        | Found Xeuwk's Antique Armour Emporium.
  2635 | D        | Found Nuim's Assorted Antiques.
  2635 | D        | Found Karuatwi's Jewellery Shoppe.
  2635 | D        | Found Samom's Assorted Antiques.
  2635 | D        | Found Pulah's Armour Boutique.
  2669 | D        | Found Ziggo's Weapon Emporium.
  2670 | D        | Found Ohenog's Jewellery Shop.
  2675 | D        | Killed an oklob plant summoner
  2680 | D        | Noticed an oklob plant annihilator
  2681 | D        | Noticed an oklob plant demonologist
  2681 | D        | Noticed a spriggan berserker
  2704 | D        | Bought an uncursed ring of wizardry for 360 gold pieces
  2926 | D        | Received a gift from Nemelex Xobeh
  2937 | D        | Killed an oklob plant annihilator
  2937 | D        | Reached skill level 11 in Summonings
  2947 | D        | Killed a spriggan berserker
  2957 | D        | Splashed by an oklob plant demonologist's acid
  2958 | D        | Reached XP level 10. HP: -7/51 MP: 14/20
  2979 | D        | Killed an oklob plant demonologist
  2979 | D        | Reached skill level 12 in Summonings
  2991 | D        | Got a faintly glowing graven amulet
  2994 | D        | Identified the amulet of Ipnufod {Reflect rElec rN+ MR-
                  | Dex+2 SH+6} (You found it in the Dungeon)
  3034 | D        | Noticed an oklob plant
  3034 | D        | Noticed an oklob plant
  3034 | D        | Noticed an oklob plant
  3034 | D        | Noticed an oklob plant
  3034 | D        | Noticed an oklob plant
  3034 | D        | Noticed an oklob plant
  3249 | D        | Noticed an oklob plant
  3252 | D        | Killed an oklob plant
  3253 | D        | Noticed an oklob plant
  3258 | D        | Killed an oklob plant
  3259 | D        | Noticed an oklob plant
  3262 | D        | Killed an oklob plant
  3262 | D        | Reached skill level 13 in Summonings
  3262 | D        | Reached XP level 11. HP: 55/55 MP: 21/21
  3263 | D        | Noticed an oklob plant
  3269 | D        | Killed an oklob plant
  3270 | D        | Noticed an oklob plant
  3275 | D        | Killed an oklob plant
  3276 | D        | Noticed an oklob plant
  3277 | D        | Killed an oklob plant
  3277 | D        | Reached skill level 14 in Summonings
  3279 | D        | Killed an oklob plant
  3281 | D        | Killed an oklob plant
  3283 | D        | Killed an oklob plant
  3283 | D        | Reached skill level 15 in Summonings
  3285 | D        | Killed an oklob plant
  3287 | D        | Killed an oklob plant
  3289 | D        | Killed an oklob plant
  3402 | D        | Learned a level 9 spell: Dragon's Call
  3503 | D        | Received a gift from Nemelex Xobeh
  3512 | D        | Received a gift from Nemelex Xobeh
  3514 | D        | Noticed a spriggan defender
  3514 | D        | Noticed a spriggan defender
  3516 | D        | Killed a spriggan defender
  3516 | D        | Reached skill level 16 in Summonings
  3518 | D        | Killed a spriggan defender
  3518 | D        | Reached skill level 17 in Summonings
  3518 | D        | Noticed a spriggan druid
  3519 | D        | Noticed a two-headed ogre
  3519 | D        | a spriggan druid changed into a two-headed ogre
  3522 | D        | Noticed a spriggan druid
  3525 | D        | Killed a two-headed ogre
  3526 | D        | Killed a spriggan druid
  3528 | D        | Noticed a spriggan berserker
  3532 | D        | Killed a spriggan berserker
  3532 | D        | Reached skill level 18 in Summonings
  3536 | D        | Received a gift from Nemelex Xobeh
  3545 | D        | Noticed a spriggan berserker
  3547 | D        | Noticed a death yak
  3548 | D        | Noticed a deep troll
  3548 | D        | a spriggan berserker changed into a deep troll
  3550 | D        | Noticed an emperor scorpion
  3550 | D        | a death yak changed into an emperor scorpion
  3550 | D        | a deep troll changed into a rime drake
  3570 | D        | Gained mutation: Your thick and shaggy fur keeps you warm.
                  | (AC +3, rC+) [Felid growth]
  3570 | D        | Reached XP level 12. HP: 43/58 MP: 19/22
  3783 | D        | Received a gift from Nemelex Xobeh
  3820 | D        | Noticed a spriggan defender
  3827 | D        | Reached skill level 19 in Summonings
  3827 | D        | Slain by a spriggan defender
  3828 | D        | Reached XP level 11. HP: -5/55 MP: 21/21
  3840 | D        | Killed a spriggan defender
  4021 | D        | Identified the +1 faerie dragon scales {rCorr Int+3}
  4021 | D        | Noticed the Enchantress
  4080 | D        | Noticed the Enchantress
  4080 | D        | the Enchantress changed into the Enchantress the dire
                  | elephant
  4094 | D        | Killed the Enchantress the dire elephant
  4094 | D        | Reached skill level 20 in Summonings
  4136 | D        | Received a gift from Nemelex Xobeh
  4142 | D        | Received a gift from Nemelex Xobeh
  4156 | D        | Noticed an oklob plant annihilator
  4275 | D        | Reached ****** piety under Nemelex Xobeh
  4275 | D        | Noticed an oklob plant demonologist
  4279 | D        | Killed an oklob plant demonologist
  4283 | D        | Killed an oklob plant annihilator
  4284 | D        | Received a gift from Nemelex Xobeh
  4289 | D        | Received a gift from Nemelex Xobeh
  4290 | D        | Noticed a spriggan rider
  4297 | D        | Killed a spriggan rider
  4300 | D        | Noticed a ghost moth
  4300 | D        | Noticed a spriggan berserker
  4301 | D        | Received a gift from Nemelex Xobeh
  4302 | D        | Killed a spriggan berserker
  4302 | D        | Reached skill level 21 in Summonings
  4302 | D        | Killed a ghost moth
  4302 | D        | Reached XP level 12. HP: 58/58 MP: 22/22
  4320 | D        | Noticed a spriggan defender
  4321 | D        | Noticed a spriggan defender
  4322 | D        | a spriggan defender changed into an iron troll
  4323 | D        | Killed a spriggan defender
  4344 | D        | Got the Orb of Zot
  4394 | D        | Noticed a monstrous demonspawn
  4556 | D        | Escaped with the Orb!

Levels and vault maps discovered:
D:        dungeon_sprint_fedhas [sprint_temple]

Skill      XL: |  1  2  3  4  5  6  7  8  9 10 11 12 |
---------------+-------------------------------------+-----
Stealth        | 4 6 9 10 14 15 19 | 19.8
Unarmed Combat | 3 4 6 7 10 | 10.2
Invocations    | 2 7 8 9 |  9.6
Evocations     | 8 9 10 | 10.1
Fighting       | 6 10 | 10.5
Dodging        | 9 13 | 13.4
Spellcasting   | 1 6 |  6.4
Summonings     | 13 21 19 | 21.8

Action                   |  1- 3 |  4- 6 |  7- 9 | 10-12 || total
-------------------------+-------+-------+-------+-------++-------
Melee: Unarmed           |    13 |    10 |    23 |   133 ||   179
       Bite              |       |       |     4 |    13 ||    17
       Punch             |       |       |     2 |     7 ||     9
 Cast: Shadow Creatures  |       |       |       |     2 ||     2
       Call Imp          |       |       |       |     6 ||     6
Invok: Stack Five        |       |       |       |     1 ||     1
 Abil: Evoke Invisibilit |     1 |     2 |     2 |     7 ||    12
       Draw Destruction  |       |       |     9 |    56 ||    65
       Draw Summoning    |       |       |       |    18 ||    18
Evoke: Wand              |     1 |     1 |     5 |    36 ||    43
  Use: Scroll            |       |       |       |     1 ||     1
       Potion            |       |       |       |     1 ||     1
 Stab: Confused          |     1 |       |       |       ||     1
       Sleeping          |     3 |     7 |     4 |    17 ||    31
       Invisible         |       |     1 |     4 |    11 ||    16
       Distracted        |       |       |       |     1 ||     1
  Eat: Chunk             |       |       |     3 |    15 ||    18
Armor: Skin              |       |       |       |     1 ||     1
Dodge: Dodged            |     3 |     2 |     4 |   125 ||   134

Table legend:
 A = Non-vault XP
 B = Vault XP
 C = Vault XP percentage of total XP
 D = Non-vault monster count
 E = Vault monster count
 F = Vault count percentage of total count
                 A         B        C        D         E       F
            +---------+---------+-------+---------+---------+-------
      Total |    1589 |   44112 |  96.5 |       6 |      88 |  93.6
            +---------+---------+-------+---------+---------+-------
          D |    1589 |   44112 |  96.5 |       6 |      88 |  93.6
            +---------+---------+-------+---------+---------+-------
